 Dungeon Crawl Stone Soup version 0.27.1-2-g3b301248ec (webtiles) character file.

Game seed: 6540170340825960094

91 MajorAdolf the Skirmisher (level 4, -8/44 HPs)
             Began as a Naga Wanderer on Sept 27, 2021.
             Splashed by a jelly's acid (10 damage)
             ... on level 2 of the Dungeon.
             The game lasted 00:03:46 (2373 turns).

MajorAdolf the Skirmisher (Naga Wanderer)           Turns: 2373, Time: 00:03:46

Health: -8/44      AC: -9    Str: 16    XL:     4   Next: 57%
Magic:  8/8        EV:  9    Int: 15    God:
Gold:   52         SH:  3    Dex:  7    Spells: 6/8 levels left

rFire    . . .     SeeInvis +   g - +1 dagger (venom)
rCold    . . .     Faith    .   b - +0 buckler
rNeg     . . .     Spirit   .   c - +0 robe
rPois    +         Reflect  .   (no helmet)
rElec    .         Harm     .   (no cloak)
rCorr    .         Rampage  .   (no gloves)
Will     .....                  (no barding)
Stlth    +.........             (no amulet)
HPRegen  0.14/turn              (no ring)
MPRegen  0.11/turn              (no ring)

@: corroded, very slow
A: AC +1, large, see invisible, deformed body, poison resistance, slowness 2,
spit poison 1, naga tail 1
a: Spit Poison


You were on level 2 of the Dungeon.
You visited 1 branch of the dungeon, and saw 2 of its levels.

You collected 52 gold pieces.

Inventory:

Hand Weapons
 a - a +2 mace
 g - a +1 dagger of venom (weapon)
Missiles
 k - 3 atropa-tipped darts
Armour
 b - a +0 buckler (worn)
 c - a +0 robe (worn)
Scrolls
 e - a scroll of amnesia {unknown}
 j - 2 scrolls of identify {unknown}
Potions
 d - 2 potions of curing {unknown}
 f - a potion of brilliance {unknown}
 h - a potion of might {unknown}
 i - a potion of berserk rage {unknown}
 l - a potion of attraction {unknown}
 m - 2 potions of ambrosia {unknown}


   Skills:
 - Level 4.0 Fighting
 - Level 1.0 Maces & Flails
 + Level 2.0 Shields
 + Level 2.8 Spellcasting
 - Level 1.0 Hexes
 + Level 2.0 Air Magic
 + Level 2.6 Poison Magic


You had 6 spell levels left.
You knew the following spells:

 Your Spells              Type           Power      Damage    Failure   Level
a - Poisonous Vapours     Pois/Air       18%        N/A       13%         2

Your spell library contained the following spells:

 Spells                   Type           Power      Damage    Failure   Level
 Corpse Rot               Necr/Air       N/A        N/A       22%         2


Dungeon Overview and Level Annotations

Branches:
Dungeon (2/15)

Altars:


Innate Abilities, Weirdness & Mutations

Your serpentine skin is tough. (AC +1)
You have supernaturally acute eyesight. (SInv)
Armour fits poorly on your strangely shaped body.
Your system is resistant to poisons. (rPois)
You cover ground very slowly.
You can spit poison.
You have a snake-like lower body.


Message History

You start resting.
HP restored.
Unknown command.
Things that are here:
a +0 club; a +0 robe You open the door.
Found a stone staircase leading up.
A jelly comes into view.
A jelly is nearby!
Press: ? - help, Shift-Dir - straight line, f - jelly
Aim: a jelly The splash of poison hits the jelly.
The jelly is lightly wounded.
You have got your breath back.
You hit the jelly.
Your hands burn!
The jelly is lightly wounded.
The jelly hits you but does no damage.
You hit the jelly.
Your hands burn!
The jelly is moderately wounded.
You block the jelly's attack.
You hit the jelly. The acid corrodes you!
Your hands burn!
The jelly is heavily wounded.
The jelly hits you. The acid corrodes you!
You are splashed with acid!
You hit the jelly but do no damage.
Your hands burn!
The jelly is heavily wounded.
The jelly barely misses you.
You hit the jelly but do no damage.
Your hands burn!
The jelly is heavily wounded.
The jelly barely misses you.
You hit the jelly but do no damage.
Your hands burn!
The jelly is heavily wounded.
The jelly hits you.
You are splashed with acid!
* * * LOW HITPOINT WARNING * * *
You hit the jelly but do no damage.
The jelly is poisoned.
Your hands burn!
* * * LOW HITPOINT WARNING * * *
The jelly is heavily wounded.
The jelly hits you.
* * * LOW HITPOINT WARNING * * *
The acid corrodes you!
You are splashed with acid!
You die...

.....#.#....######.#.####....
.....#.#....# #.#.#.......
####'#'#....# #.#.#.......
............######'#'#....<..
.............................
.........#...................
####'#'###...................
#.#[# #...................
#.#.# #......@J...........
#.#.# #...................
#.#.###)##################
#.#.....# #.####### #.. ###


You could see a jelly (very poisoned).

Vanquished Creatures
  Jessica (D:2)
  3 gnolls (D:2)
  A dart slug (D:1)
  5 ball pythons
  5 endoplasms (D:1)
  A giant cockroach (D:2)
  2 goblins (D:1)
  4 hobgoblins (D:1)
  2 jackals (D:1)
  A quokka (D:1)
  3 bats (D:1)
  2 kobolds (D:1)
  2 rats (D:1)
32 creatures vanquished.

Notes
Turn   | Place    | Note
-------+----------+-------------------------------------------
     0 | D:1      | MajorAdolf the Naga Wanderer began the quest for the Orb.
     0 | D:1      | MajorAdolf set off with the following items: a +2 mace, a
                  | +0 buckler, a +0 robe; and the following spells available
                  | to memorise: Corpse Rot, Poisonous Vapours
     0 | D:1      | Reached XP level 1. HP: 22/22 MP: 3/3
   254 | D:1      | Reached skill level 1 in Poison Magic
   254 | D:1      | Reached XP level 2. HP: 30/30 MP: 5/5
   402 | D:1      | Reached skill level 1 in Air Magic
   982 | D:1      | Reached XP level 3. HP: 36/36 MP: 6/6
  1022 | D:1      | Learned a level 2 spell: Poisonous Vapours
  1908 | D:2      | Reached XP level 4. HP: 12/44 MP: 6/8
  2251 | D:2      | Noticed Jessica
  2267 | D:2      | Killed Jessica
  2373 | D:2      | HP: 2/44 [acid (5)]
  2373 | D:2      | Splashed by a jelly's acid

Illustrated notes

Levels and vault maps discovered:
D:1:      nicolae_arrival_memento_mori, layout_loops_cross, minmay_distorted
D:2:      layout_basic, uniq_jessica

Skill      XL: |  1  2  3  4 |
---------------+-------------+-----
Poison Magic   | 1 2 |  2.6
Air Magic      | 1 2 |  2.0
Shields        | 2 |  2.0
Fighting       | |  4.0
Maces & Flails | |  1.0
Spellcasting   | |  2.8
Hexes          | |  1.0

Action                   |  1- 3 |  4- 6 || total
-------------------------+-------+-------++-------
Melee: Mace              |    32 |       ||    32
       Dagger            |    24 |    22 ||    46
 Cast: Poisonous Vapours |     2 |       ||     2
 Abil: Spit Poison       |    26 |     2 ||    28
Armor: Robe              |     7 |     4 ||    11
Dodge: Dodged            |    19 |     3 ||    22
Block: Buckler           |    10 |     5 ||    15
